 Dungeon Crawl Stone Soup version 0.30.0-19-g36f170ea60 (webtiles) character file.

Game seed: 16116267573899060267

116 ChrisAssaf the Chiller (level 4, -12/33 (35) HPs)
             Began as a Draconian Ice Elementalist on May 29, 2023.
             Mangled by a wight
             ... wielding a +2 scimitar of freezing
              (14 damage)
             ... in a sewer.
             The game lasted 00:06:07 (1598 turns).

ChrisAssaf the Chiller (Draconian Ice Elementalist) Turns: 1598, Time: 00:06:07

HP:   -12/33 (35)   AC: 12    Str: 11 (12) XL:     4   Next: 70%
MP:   8/8           EV: 12    Int: 12 (15) God:
Gold: 77            SH:  0    Dex: 11 (12) Spells: 4/8 levels left

rFire   . . .        c - +0 dagger (protect)
rCold   . . .        (no shield)
rNeg    + . .        (body armour unavailable)
rPois   .            (helmet restricted)
rElec   .            (no cloak)
rCorr   .            (no gloves)
SInv    .            (no boots)
Will    .....        (no amulet)
Stlth   ++           f - ring of positive energy
HPRegen 0.25/turn    (no ring)
MPRegen 0.11/turn

%: no passive effects
@: under a protective aura, drained
A: AC +5, unfitting armour, cold-blooded
a: no special abilities


You were in a sewer.
You visited 1 branch of the dungeon, and saw 3 of its levels.
You also visited: Sewer.

You collected 77 gold pieces.

Inventory:

Hand Weapons
 c - a +0 dagger of protection (weapon)
 l - a +0 short sword
Jewellery
 f - a ring of positive energy (left hand)
 h - a ring of flight
Scrolls
 d - a scroll of immolation
 i - a scroll of fear
Potions
 a - 2 potions of magic
 g - a potion of cancellation {unknown}
 j - a potion of lignification {unknown}


   Skills:
 * Level 1.2 Fighting
 * Level 1.2 Short Blades
 * Level 2.2 Dodging
 * Level 2.2 Stealth
 * Level 2.8 Spellcasting
 * Level 4.7 Ice Magic


You had 4 spell levels left.
You knew the following spells:

 Your Spells              Type           Power      Damage    Failure   Level
a - Freeze                Ice            52%        1d6       3%          1
b - Frozen Ramparts       Ice            26%        1d4       11%         3

Your spell library contained the following spells:

 Spells                   Type           Power      Damage    Failure   Level
 Ozocubu's Armour         Ice            13%        N/A       11%         3
 Summon Ice Beast         Ice/Summ       7%         N/A       67%         4


Dungeon Overview and Level Annotations

Branches:
Dungeon (3/15)              Sewer (1/1)

Altars:


Innate Abilities, Weirdness & Mutations

Your plain brown scales are hard. (AC +5)
You cannot fit into any form of body armour.
You are cold-blooded and may be slowed by cold attacks.


Message History

The wight is heavily damaged.
The wight hits you with a +2 scimitar of freezing.
The wight freezes you.
You hit the wight but do no damage.
The wight is heavily damaged.
The wight hits you with a +2 scimitar of freezing.
The wight freezes you.
You hit the wight but do no damage.
You tail-slap the wight, but do no damage.
The wight is heavily damaged.
The wight hits you with a +2 scimitar of freezing.
You feel yourself slow down. The wight freezes you.
You feel much better.
The wight hits you with a +2 scimitar of freezing.
You partially resist.
You feel drained.
You feel as though you will be slow longer.
The wight freezes you.
You closely miss the wight.
The wight is heavily damaged.
The wight hits you with a +2 scimitar of freezing.
The wight freezes you. The wight hits you but does no damage.
You hit the wight but do no damage.
The wight is heavily damaged.
The wight barely misses you.
You hit the wight.
The wight is severely damaged.
You feel yourself speed up. The wight hits you but does no damage.
You hit the wight but do no damage.
The wight is severely damaged.
The wight hits you with a +2 scimitar of freezing.
The wight freezes you.
You completely miss the wight.
The wight is severely damaged.
The wight hits you with a +2 scimitar of freezing!
* * * LOW HITPOINT WARNING * * *
The wight freezes you.
* * * LOW HITPOINT WARNING * * *
The wight hits you with a +2 scimitar of freezing!
You die...

≈≈≈≈≈~~≈≈≈~≈.~.~~≈#
################.##
≈≈≈≈≈≈≈≈≈≈.'.~~#
≈≈≈≈≈≈≈≈≈≈≈≈~.#)~≈#
≈≈≈≈≈≈≈≈≈≈≈≈..#.≈≈#
≈≈≈≈≈≈≈≈≈≈≈≈≈.#.≈≈#
≈≈≈≈≈≈≈≈≈≈≈~..#..≈# +++##
≈~≈≈≈≈≈≈≈≈~...#.≈≈# .....#
##~#≈≈###~#.####@###..⌠...
............≈≈#..z#†....⌠.
...........≈≈≈≈...Z.⌠._...
............≈≈#...#.....⌠.
#≈##≈##~###(####.###..⌠...
≈≈≈≈≈~≈≈≈~....#.~≈# .....#
≈≈≈≈≈≈≈≈≈~≈~..#.≈≈# +++##
≈≈≈≈≈≈≈≈≈≈≈≈~.#.~≈#
≈≈≈≈≈≈≈≈≈≈≈≈≈.#.~≈#


You could see a wight and a giant cockroach zombie.

Vanquished Creatures
  3 adders
  2 shadow imps (Sewer)
  2 ufetubi (Sewer)
  3 adder zombies (Sewer)
  4 worms
  3 endoplasms
  3 giant cockroaches
  2 goblins
  A hobgoblin (D:2)
  5 jackals
  3 quokkas
  2 ball pythons (D:3)
  2 bats
  3 frilled lizards
  6 kobolds
  A kobold zombie (Sewer)
  3 rats
48 creatures vanquished.

Notes
Turn   | Place    | Note
-------+----------+-------------------------------------------
     0 | D:1      | ChrisAssaf the Draconian Ice Elementalist began the quest
                  | for the Orb.
     0 | D:1      | Reached XP level 1. HP: 14/14 MP: 3/3
   150 | D:1      | Reached XP level 2. HP: 20/20 MP: 3/5
   872 | D:2      | Reached XP level 3. HP: 23/27 MP: 3/6
   876 | D:2      | Learned a level 3 spell: Frozen Ramparts
  1292 | D:3      | Reached skill level 1 in Fighting
  1292 | D:3      | Reached skill level 1 in Short Blades
  1316 | D:3      | Found a glowing drain.
  1324 | Sewer    | Entered a sewer
  1326 | Sewer    | Reached XP level 4. HP: 35/35 MP: 3/7
  1563 | Sewer    | Found an ancient bone altar of Kikubaaqudgha.
  1598 | Sewer    | Mangled by a wight

Illustrated notes

Levels and vault maps discovered:
D:1:      lemuel_arrival_room, layout_loops_ring
D:2:      layout_loops_cross, dreamdust_princess_corridor,
          chequers_decorated_corner
D:3:      layout_basic, gup_sewer_entry_bubbles, uniq_robin, uniq_grinder
Sewer:    kennysheep_sewer_church

Skill      XL: |  1  2  3 |
---------------+----------+-----
Dodging        | 2 |  2.2
Stealth        | 2 |  2.2
Fighting       | 1 |  1.2
Short Blades   | 1 |  1.2
Spellcasting   | |  2.8
Ice Magic      | |  4.7

Action                     |  1- 3 |  4- 6 || total
---------------------------+-------+-------++-------
  Melee: Dagger            |    56 |    85 ||   141
         Tailslap          |     5 |     9 ||    14
         Punch             |       |     2 ||     2
   Cast: Freeze            |    32 |     3 ||    35
         Frozen Ramparts   |     1 |     4 ||     5
    Use: Scroll            |     7 |       ||     7
         Potion            |       |     4 ||     4
   Stab: Sleeping          |     4 |     1 ||     5
 Armour: Skin              |    17 |    42 ||    59
  Dodge: Dodged            |    34 |    57 ||    91
